TOP OF THE 1ST |
Columbia 08s batting - Pitching for Wisconsin Rapids Rangers : LHP Ron Huggins
|
Pitching: LHP Ron Huggins
|
|
Batting: SHB William Hamilton
|
0-0: Foul Ball, location: 2F 0-1: Fly out, F7 (Flyball, 78M)
|
Batting: RHB Pablo Díaz
|
0-0: SINGLE (Flyball, 6MD)
|
Batting: RHB Tom Hicks
|
0-0: Ball 1-0: Foul Ball, location: 2F 1-1: Foul Ball, location: 2F 1-2: Grounds into double play, 3-6-3 (Groundball, 34)
|
Top of the 1st over - 0 run(s), 1 hit(s), 0 error(s), 0 left on base; Columbia 0 - Wisconsin Rapids 0 |
BOTTOM OF THE 1ST |
Wisconsin Rapids Rangers batting - Pitching for Columbia 08s : RHP Claudio Ramírez
|
Pitching: RHP Claudio Ramírez
|
|
Batting: SHB Jacob Wilcox
|
0-0: Called Strike 0-1: SINGLE (Line Drive, 8RS)
|
Batting: LHB Ralph Cobb
|
0-0: Fielders Choice at 2nd, 5-4 (Groundball, 56)
|
Batting: LHB Ramón Morales
|
0-0: Swinging Strike 0-1: Ball 1-1: Called Strike 1-2: Ball 2-2: SINGLE (Groundball, 34D) Ralph Cobb to second Ralph Cobb to third
|
Batting: RHB Juan García
|
0-0: Ball 1-0: Ball 2-0: Called Strike 2-1: SINGLE (Groundball, 34D) Ralph Cobb scores Ramón Morales to second Runner from 2nd tries for 3rd, SAFE, no throw
|
Batting: LHB Dave Reynolds
|
0-0: Ball 1-0: Called Strike 1-1: Swinging Strike 1-2: Foul Ball, location: 2F 1-2: Foul Ball, location: 2F 1-2: Ball 2-2: Strikes out swinging
|
Batting: RHB Miguel Toro
|
0-0: Called Strike 0-1: Ball 1-1: Ball 2-1: Ball 3-1: Swinging Strike 3-2: Foul Ball, location: 2F 3-2: Fly out, F8 (Flyball, 8RM)
|
Bottom of the 1st over - 1 run(s), 3 hit(s), 0 error(s), 2 left on base; Columbia 0 - Wisconsin Rapids 1 |
TOP OF THE 2ND |
Columbia 08s batting - Pitching for Wisconsin Rapids Rangers : LHP Ron Huggins
|
Batting: RHB Jaime Hernández
|
0-0: Ball 1-0: Ground out 5-3 (Groundball, 5S)
|
Batting: RHB Jorge Mora
|
0-0: Ball 1-0: Called Strike 1-1: Ground out 6-3 (Groundball, 6)
|
Batting: SHB Juan Carlos González
|
0-0: Ball 1-0: Swinging Strike 1-1: Ball 2-1: Fly out, F7 (Flyball, 78M)
|
Top of the 2nd over - 0 run(s), 0 hit(s), 0 error(s), 0 left on base; Columbia 0 - Wisconsin Rapids 1 |
BOTTOM OF THE 2ND |
Wisconsin Rapids Rangers batting - Pitching for Columbia 08s : RHP Claudio Ramírez
|
Batting: RHB António Martínez
|
0-0: Ball 1-0: Ball 2-0: Ball 3-0: Base on Balls
|
Batting: LHB Javier Mejía
|
0-0: SINGLE (Line Drive, 56) António Martínez to second
|
Batting: RHB Wilfred Martin
|
0-0: Ball 1-0: Fly out, F9 (Flyball, 9LMF)
|
Batting: SHB Jacob Wilcox
|
0-0: Ball 1-0: Foul Ball, location: 2F 1-1: Called Strike 1-2: Ball 2-2: Ball 3-2: DOUBLE (Flyball, 8LD) António Martínez scores Javier Mejía to third Runner from 3rd tries for Home, SAFE, no throw
|
Batting: LHB Ralph Cobb
|
0-0: Ground out 4-3 (Groundball, 4) Jacob Wilcox to third
|
Batting: LHB Ramón Morales
|
0-0: Foul Ball, location: 2F 0-1: Foul Ball, location: 2F 0-2: Ball 1-2: Ball 2-2: Ground out 5-3 (Groundball, 56D)
|
Bottom of the 2nd over - 2 run(s), 2 hit(s), 0 error(s), 1 left on base; Columbia 0 - Wisconsin Rapids 3 |
TOP OF THE 3RD |
Columbia 08s batting - Pitching for Wisconsin Rapids Rangers : LHP Ron Huggins
|
Batting: RHB Nicoli Turina
|
0-0: SINGLE (Groundball, 6MD)
|
Batting: RHB Pedro López
|
0-0: Called Strike 0-1: Foul Ball, location: 2F 0-2: Strikes out swinging
|
Batting: RHB Juan Trujillo
|
0-0: Called Strike 0-1: Ball 1-1: Foul Ball, location: 2F 1-2: Ball 2-2: Ball 3-2: Foul Ball, location: 2F 3-2: Foul Ball, location: 2F 3-2: Strikes out swinging
|
Batting: SHB William Hamilton
|
0-0: Called Strike 0-1: Swinging Strike 0-2: Strikes out swinging
|
Top of the 3rd over - 0 run(s), 1 hit(s), 0 error(s), 1 left on base; Columbia 0 - Wisconsin Rapids 3 |
BOTTOM OF THE 3RD |
Wisconsin Rapids Rangers batting - Pitching for Columbia 08s : RHP Claudio Ramírez
|
Batting: RHB Juan García
|
0-0: Ball 1-0: Called Strike 1-1: Ball 2-1: Foul Ball, location: 2F 2-2: Foul Ball, location: 2F 2-2: Ball 3-2: Base on Balls
|
Batting: LHB Dave Reynolds
|
0-0: Ball 1-0: Ball 2-0: Called Strike 2-1: Called Strike 2-2: Ball 3-2: Base on Balls Juan García to second
|
Batting: RHB Miguel Toro
|
0-0: Ball 1-0: Called Strike 1-1: Grounds into double play, 6-4-3 (Groundball, 6) Juan García to third
|
Batting: RHB António Martínez
|
0-0: Ball 1-0: Called Strike 1-1: Ball 2-1: Foul Ball, location: 2F 2-2: Ball 3-2: Fly out, F8 (Flyball, 8LS)
|
Bottom of the 3rd over - 0 run(s), 0 hit(s), 0 error(s), 1 left on base; Columbia 0 - Wisconsin Rapids 3 |
TOP OF THE 4TH |
Columbia 08s batting - Pitching for Wisconsin Rapids Rangers : LHP Ron Huggins
|
Batting: RHB Pablo Díaz
|
0-0: Ball 1-0: Swinging Strike 1-1: Swinging Strike 1-2: Foul Ball, location: 2F 1-2: SINGLE (Line Drive, 8RS)
|
Batting: RHB Tom Hicks
|
0-0: Called Strike 0-1: Ball 1-1: Ball 2-1: Foul Ball, location: 2F 2-2: Foul Ball, location: 2F 2-2: Strikes out swinging
|
Batting: RHB Jaime Hernández
|
0-0: Ball 1-0: Ball 2-0: Called Strike 2-1: Foul Ball, location: 2F 2-2: Foul Ball, location: 2F 2-2: Fly out, F4 (Popup, 4D)
|
Batting: RHB Jorge Mora
|
0-0: Ball 1-0: Fielders Choice at 2nd, 5-4 (Groundball, 56)
|
Top of the 4th over - 0 run(s), 1 hit(s), 0 error(s), 0 left on base; Columbia 0 - Wisconsin Rapids 3 |
BOTTOM OF THE 4TH |
Wisconsin Rapids Rangers batting - Pitching for Columbia 08s : RHP Claudio Ramírez
|
Batting: LHB Javier Mejía
|
0-0: Ball 1-0: Ball 2-0: Called Strike 2-1: Foul Ball, location: 2F 2-2: Foul Ball, location: 2F 2-2: Ball 3-2: Ground out U3 (Groundball, 3)
|
Batting: RHB Wilfred Martin
|
0-0: Ground out 1-3 (Groundball, P)
|
Batting: SHB Jacob Wilcox
|
0-0: Fly out, F7 (Flyball, 78S)
|
Bottom of the 4th over - 0 run(s), 0 hit(s), 0 error(s), 0 left on base; Columbia 0 - Wisconsin Rapids 3 |
TOP OF THE 5TH |
Columbia 08s batting - Pitching for Wisconsin Rapids Rangers : LHP Ron Huggins
|
Batting: SHB Juan Carlos González
|
0-0: Called Strike 0-1: Ground out 5-3 (Groundball, 56S)
|
Batting: RHB Nicoli Turina
|
0-0: Ball 1-0: Foul Ball, location: 2F 1-1: Called Strike 1-2: Ball 2-2: Ball 3-2: Foul Ball, location: 2F 3-2: Foul Ball, location: 2F 3-2: Strikes out swinging
|
Batting: RHB Pedro López
|
0-0: Swinging Strike 0-1: Swinging Strike 0-2: Ball 1-2: Strikes out swinging, 2-3 out at first.
|
Top of the 5th over - 0 run(s), 0 hit(s), 0 error(s), 0 left on base; Columbia 0 - Wisconsin Rapids 3 |
BOTTOM OF THE 5TH |
Wisconsin Rapids Rangers batting - Pitching for Columbia 08s : RHP Claudio Ramírez
|
Batting: LHB Ralph Cobb
|
0-0: Ball 1-0: Ball 2-0: Ball 3-0: TRIPLE (Flyball, 78D)
|
Batting: LHB Ramón Morales
|
0-0: Called Strike 0-1: Called Strike 0-2: Ball 1-2: Ball 2-2: Foul Ball, location: 2F 2-2: Foul Ball, location: 2F 2-2: Ball 3-2: Base on Balls
|
Pitching: RHP Ryan Allen
|
|
Batting: RHB Juan García
|
0-0: Called Strike Ramón Morales steals 2nd base 0-1: SINGLE (Groundball, 34S) (infield hit) Ralph Cobb scores Ramón Morales to third
|
Batting: LHB Dave Reynolds
|
0-0: Foul Ball, location: 2F 0-1: Ball 1-1: Foul Ball, location: 2F 1-2: Strikes out swinging
|
Batting: RHB Miguel Toro
|
0-0: Ball 1-0: Ball 2-0: SINGLE (Line Drive, 56) Ramón Morales scores Juan García to second
|
Batting: RHB António Martínez
|
0-0: Called Strike 0-1: Grounds into double play, 6-4-3 (Groundball, 6)
|
Bottom of the 5th over - 2 run(s), 3 hit(s), 0 error(s), 1 left on base; Columbia 0 - Wisconsin Rapids 5 |
TOP OF THE 6TH |
Columbia 08s batting - Pitching for Wisconsin Rapids Rangers : LHP Ron Huggins
|
Batting: RHB Juan Trujillo
|
0-0: SINGLE (Groundball, 3D)
|
Batting: SHB William Hamilton
|
0-0: SINGLE (Groundball, 56) (infield hit) Juan Trujillo to second
|
Batting: RHB Pablo Díaz
|
0-0: Ball 1-0: Ground out 4-3 (Groundball, 4MS) Juan Trujillo to third William Hamilton to second
|
Batting: RHB Tom Hicks
|
0-0: Called Strike 0-1: Swinging Strike 0-2: SINGLE (Groundball, 6D) Juan Trujillo scores William Hamilton to third Runner from 3rd tries for Home, SAFE, no throw
|
Batting: RHB Jaime Hernández
|
0-0: Foul Ball, location: 2F 0-1: Ball 1-1: Ball 2-1: Foul Ball, location: 2F 2-2: Ball 3-2: Fly out, F8 (Flyball, 8RM)
|
Batting: RHB Jorge Mora
|
0-0: Called Strike 0-1: Ball 1-1: Swinging Strike Tom Hicks is caught stealing 2nd base
|
Top of the 6th over - 2 run(s), 3 hit(s), 0 error(s), 0 left on base; Columbia 2 - Wisconsin Rapids 5 |
BOTTOM OF THE 6TH |
Wisconsin Rapids Rangers batting - Pitching for Columbia 08s : RHP Ryan Allen
|
Batting: LHB Javier Mejía
|
0-0: Ball 1-0: Foul Ball, location: 2F 1-1: Ball 2-1: Called Strike 2-2: Ground out 6-3 (Groundball, 6)
|
Batting: RHB Wilfred Martin
|
0-0: Called Strike 0-1: Ball 1-1: Ball 2-1: Swinging Strike 2-2: Foul Ball, location: 2F 2-2: Fly out, F6 (Flyball, 6MD)
|
Batting: SHB Jacob Wilcox
|
0-0: Ball 1-0: Foul Ball, location: 2F 1-1: Called Strike 1-2: Strikes out swinging
|
Bottom of the 6th over - 0 run(s), 0 hit(s), 0 error(s), 0 left on base; Columbia 2 - Wisconsin Rapids 5 |
TOP OF THE 7TH |
Columbia 08s batting - Pitching for Wisconsin Rapids Rangers : LHP Ron Huggins
|
Now in RF: Carlos Miranda
|
|
Batting: RHB Jorge Mora
|
0-0: Ball 1-0: Ball 2-0: Fly out, F7 (Flyball, 78M)
|
Batting: SHB Juan Carlos González
|
0-0: Ball 1-0: Fly out, F7 (Flyball, 78S)
|
Batting: RHB Nicoli Turina
|
0-0: Swinging Strike 0-1: Called Strike 0-2: SINGLE (Groundball, 56D)
|
Pitching: LHP William Bazley
|
|
Batting: RHB Pedro López
|
0-0: Ball 1-0: Called Strike 1-1: Called Strike 1-2: Fielders Choice at 2nd, 4-6 (Groundball, 4)
|
Top of the 7th over - 0 run(s), 1 hit(s), 0 error(s), 0 left on base; Columbia 2 - Wisconsin Rapids 5 |
BOTTOM OF THE 7TH |
Wisconsin Rapids Rangers batting - Pitching for Columbia 08s : RHP Ryan Allen
|
Batting: LHB Ralph Cobb
|
0-0: Ball 1-0: Fly out, F8 (Flyball, 78S)
|
Batting: LHB Ramón Morales
|
0-0: Ball 1-0: Fly out, F9 (Flyball, 9)
|
Batting: RHB Juan García
|
0-0: Foul Ball, location: 2F 0-1: Swinging Strike 0-2: Ball 1-2: Foul Ball, location: 2F 1-2: Strikes out swinging
|
Bottom of the 7th over - 0 run(s), 0 hit(s), 0 error(s), 0 left on base; Columbia 2 - Wisconsin Rapids 5 |
TOP OF THE 8TH |
Columbia 08s batting - Pitching for Wisconsin Rapids Rangers : LHP William Bazley
|
Batting: RHB Juan Trujillo
|
0-0: Ball 1-0: Called Strike 1-1: Foul Ball, location: 2F 1-2: Strikes out looking
|
Batting: SHB William Hamilton
|
0-0: Ball 1-0: Ball 2-0: Ground out 5-3 (Groundball, 5)
|
Batting: RHB Pablo Díaz
|
0-0: Ball 1-0: Foul Ball, location: 2F 1-1: Foul Ball, location: 2F 1-2: Fly out, F7 (Flyball, 78D)
|
Top of the 8th over - 0 run(s), 0 hit(s), 0 error(s), 0 left on base; Columbia 2 - Wisconsin Rapids 5 |
BOTTOM OF THE 8TH |
Wisconsin Rapids Rangers batting - Pitching for Columbia 08s : RHP Ryan Allen
|
Batting: LHB Dave Reynolds
|
0-0: Called Strike 0-1: Ball 1-1: DOUBLE (Line Drive, 78D)
|
Batting: RHB Miguel Toro
|
0-0: Called Strike 0-1: Ball 1-1: Foul Ball, location: 2F 1-2: Ball 2-2: Ball 3-2: Fly out, F9 (Line Drive, 9)
|
Batting: RHB António Martínez
|
0-0: Intentional Walk
|
Batting: RHB Carlos Miranda
|
0-0: Fly out, F9 (Flyball, 9S)
|
Batting: RHB Wilfred Martin
|
0-0: Ball 1-0: Swinging Strike 1-1: Ball 2-1: Foul Ball, location: 2F 2-2: Ball 3-2: Base on Balls Dave Reynolds to third António Martínez to second
|
Pitching: RHP Alejandro Hernández
|
|
Pinch Hitting: LHB Ronald Gordon
|
0-0: Called Strike 0-1: Fly out, F9 (Flyball, 9S)
|
Bottom of the 8th over - 0 run(s), 1 hit(s), 0 error(s), 3 left on base; Columbia 2 - Wisconsin Rapids 5 |
TOP OF THE 9TH |
Columbia 08s batting - Pitching for Wisconsin Rapids Rangers : LHP William Bazley
|
Pitching: RHP Jesús Sánchez
|
|
Now at SS: José González
|
|
Batting: RHB Tom Hicks
|
0-0: Foul Ball, location: 2F 0-1: Swinging Strike 0-2: Ball 1-2: Strikes out swinging
|
Batting: RHB Jaime Hernández
|
0-0: Ball 1-0: Foul Ball, location: 2F 1-1: Ground out 1-3 (Groundball, P)
|
Batting: RHB Jorge Mora
|
0-0: Called Strike 0-1: Fly out, F7 (Flyball, 7D)
|
Top of the 9th over - 0 run(s), 0 hit(s), 0 error(s), 0 left on base; Columbia 2 - Wisconsin Rapids 5 |
|